Map: Ever Dream LE

Players

Throwfordays

  • Race: Zerg Zerg
  • League: Silver
  • Spawn Location: 1:00

VOD

Have the link to the VOD?

Description

Time

  • Played on: July 5, 2020, 6:30 p.m.
  • Length: 28:09
Show
View Real Time Build Order
Export as new Build Order

Throwfordays Zerg 

Build Orders:  

Get SALT Encoding   

  12  0:02  Drone  
  13  0:12  Drone  
  14  0:23  Overlord  
  14  0:52  Drone  
  15  1:05  Hatchery  
  15  1:09  Drone  
  15  1:13  Drone  
  16  1:36  Spawning Pool  
  15  1:41  Drone  
  15  1:44  Drone  
  15  1:49  Drone  
  18  1:54  Extractor  
  17  2:03  Drone  
  18  2:13  Overlord  
  18  2:27  Drone  
  19  2:42  Queen  
  19  2:46  Queen  
  23  2:58  Zergling x4  
  25  3:02  Zergling x4  
  27  3:16  Zergling x2  
  28  3:27  Baneling Nest  
  27  3:37  Zergling x4  
  29  3:43  Drone x2  
  31  3:54  Overlord  
  31  4:01  Extractor  
  31  4:06  Drone  
  31  4:11  Zergling x2  
  31  4:16  Zergling x2  
  33  4:25  Zergling x6  
  36  4:30  Zergling x2  
  36  4:38  Drone  
  29  4:40  Metabolic Boost  
  38  4:41  Drone  
  39  4:51  Baneling  
  39  4:52  Baneling x4  
  27  5:20  Zergling x10  
  27  5:25  Zergling x4  
  34  5:35  Drone  
  34  5:36  Drone  
  36  5:40  Drone  
  36  5:42  Drone  
  38  6:19  Baneling  
  37  6:20  Baneling x5  
  37  6:21  Baneling x3  
  37  6:26  Drone x2  
  37  6:27  Drone x4  
  43  6:44  Overlord x2  
  43  7:16  Zergling x6  
  43  7:17  Zergling x6  
  49  7:22  Zergling x12  
  55  7:37  Drone  
  56  7:40  Drone  
  56  7:47  Lair  
  57  8:19  Baneling  
  57  8:20  Baneling x5  
  56  8:40  Drone x2  
  56  8:41  Drone  
  56  8:44  Overlord  
  56  8:45  Overlord  
  59  8:55  Centrifical Hooks  
  59  8:59  Baneling x2  
  59  9:00  Baneling x3  
  59  9:06  Drone  
  59  9:16  Zergling x6  
  62  9:21  Zergling x6  
  65  9:30  Zergling x6  
  65  9:31  Zergling x4  
  70  9:41  Overseer  
  70  9:43  Hatchery  
  69  9:52  Baneling x3  
  68  10:12  Zergling x10  
  68  10:17  Zergling x2  
  68  10:18  Zergling x4  
  76  10:22  Overlord x2  
  76  10:30  Evolution Chamber  
  75  10:42  Baneling x3  
  75  10:43  Baneling x3  
  73  11:13  Zergling x6  
  73  11:14  Zergling x4  
  73  11:19  Zergling x4  
  79  11:20  Zergling x8  
  79  11:24  Zerg Melee Weapons Level 1  
  83  11:30  Queen  
  83  11:31  Zergling x2  
  86  11:44  Drone  
  87  11:55  Zergling x8  
  87  11:56  Zergling x4  
  93  12:00  Zergling x4  
  93  12:07  Zergling x4  
  97  12:11  Overlord  
  97  12:26  Overlord x3  
  97  12:43  Baneling x2  
  97  12:44  Baneling x5  
  97  12:45  Baneling x5  
  97  12:46  Baneling x4  
  97  12:59  Zergling x8  
  79  13:00  Zergling x2  
  101  13:05  Zergling x10  
  107  13:10  Drone x4  
  107  13:11  Drone  
  107  13:18  Extractor  
  111  13:21  Extractor, Drone  
  111  13:36  Drone x2  
  113  13:43  Drone  
  113  13:47  Drone x3  
  117  13:52  Drone  
  118  14:18  Zergling x8  
  122  14:23  Drone x4  
  122  14:26  Zergling x2  
  127  14:32  Baneling x3  
  127  14:33  Baneling x11  
  127  14:34  Baneling x7  
  127  14:35  Baneling x3  
  127  14:46  Zergling x2  
  128  14:50  Overlord x3  
  128  14:59  Zergling x4  
  130  15:12  Overlord x3  
  130  15:16  Overlord x4  
  130  15:23  Zergling x2  
  130  15:24  Zergling x6  
  134  15:36  Zergling x8  
  138  15:42  Zergling x10  
  143  15:56  Infestation Pit  
  142  16:09  Unknown  
  66  16:33  Zergling x12  
  72  16:41  Zergling x10  
  72  16:45  Zergling x4  
  72  16:46  Zergling x10  
  84  16:55  Drone  
  85  17:08  Zerg Melee Weapons Level 2  
  85  17:19  Unknown  
  72  17:32  Hive  
  63  17:57  Zergling x4  
  63  17:58  Zergling x12  
  66  18:03  Zergling x12  
  66  18:09  Zergling x12  
  78  18:10  Zergling x2  
  79  18:30  Zergling x4  
  81  18:50  Evolution Chamber  
  81  18:53  Spire  
  81  18:54  Zergling x12  
  81  18:59  Zergling x4  
  87  19:00  Zergling x4  
  87  19:04  Zergling x4  
  87  19:05  Zergling x8  
  87  19:08  Baneling x3  
  87  19:09  Baneling x9  
  95  19:10  Baneling x9  
  95  19:11  Baneling x7  
  95  19:26  Zerg Ground Armor Level 1  
  95  19:33  Zergling x4  
  95  19:38  Zergling x8  
  101  19:53  Zergling x10  
  106  20:02  Hatchery  
  106  20:04  Unknown  
  106  20:05  Zergling x8  
  93  20:27  Adrenal Overload  
  73  20:31  Unknown  
  73  20:39  Zergling x8  
  74  20:44  Zergling x14  
  74  20:48  Zerg Flyer Weapons Level 1  
  81  20:52  Mutalisk x6  
  93  21:18  Extractor  
  92  21:21  Drone x4  
  92  21:23  Extractor  
  95  21:35  Zerg Melee Weapons Level 3  
  95  21:40  Mutalisk x6  
  95  21:46  Mutalisk x4  
  115  21:51  Zergling x2  
  115  21:55  Drone  
  115  21:57  Queen  
  119  22:00  Zergling x10  
  124  22:13  Drone  
  125  22:22  Zergling x4  
  125  22:23  Zergling x6  
  125  22:28  Zergling x8  
  125  22:29  Zergling x2  
  135  22:38  Unknown  
  134  22:41  Drone x3  
  137  22:59  Drone  
  138  23:14  Baneling x4  
  138  23:15  Baneling x8  
  138  23:16  Baneling x10  
  138  23:17  Baneling x10  
  138  23:18  Baneling x2  
  138  23:24  Drone  
  139  23:32  Zergling x12  
  139  23:37  Zergling x4  
  139  23:38  Zergling x8  
  151  23:43  Zergling x10  
  151  23:47  Zerg Flyer Weapons Level 2  
  156  23:50  Zerg Ground Armor Level 2  
  156  24:00  Zergling x8  
  156  24:06  Zergling x4  
  162  24:12  Mutalisk x2  
  162  24:18  Zergling x4  
  168  24:40  Zergling x6  
  168  24:44  Zergling x4  
  173  24:51  Zergling x12  
  173  24:57  Zergling x12  
  185  25:00  Hatchery  
  185  25:04  Baneling x2  
  185  25:05  Baneling x9  
  140  25:53  Unknown  
  89  26:01  Unknown  
  68  26:13  Zergling x10  
  68  26:19  Mutalisk  
  71  26:20  Mutalisk x5  
  71  26:27  Mutalisk x4  
  71  26:28  Mutalisk x2  
  93  26:33  Zergling x14  
  93  26:37  Unknown  
  96  26:51  Queen  
  96  26:52  Drone  
  96  27:01  Unknown  
  83  27:25  Mutalisk x5  
  86  27:31  Mutalisk x3  
Tags
 
League
Silver
Matchup
Co-op
Replay Pack
Multiplayer
Add a new tag
Caveats
  • Supply blocks, unpowered buildings, or Contaminate may cause inaccurate times.
  • Supply counts are checked every 10 seconds.